 Dungeon Crawl Stone Soup version 0.18-a0-910-g1648204 (webtiles) character file.

105 Proton the Shield-Bearer (level 5, -4/42 HPs)
             Began as a Formicid Fighter on Dec 25, 2015.
             Slain by a gnoll (6 damage)
             ... on level 4 of the Dungeon.
             The game lasted 00:02:48 (1800 turns).

Proton the Shield-Bearer (Formicid Fighter)         Turns: 1800, Time: 00:02:48

Health: -4/42      AC:  9    Str: 22    XL:     5   Next: 9%
Magic:  5/5        EV:  8    Int:  7    God:
Gold:   101        SH:  9    Dex: 10    Spells: 0 memorised, 4 levels left

rFire  . . .     SeeInvis +     a - +0 long sword
rCold  . . .     Gourm    .     b - +0 scale mail
rNeg   . . .     Faith    .     c - +0 shield
rPois  .         Spirit   .     (helmet unavailable)
rElec  .         Dismiss  .     (no cloak)
rCorr  .         Reflect  .     p - +0 pair of gloves
SustAt .         Harm     .     s - +0 pair of boots
MR     .....                    (no amulet)
Stlth  ..........               (no ring)
                                (no ring)

@: not resistant to hostile enchantments, extremely unstealthy
A: permanent stasis, dig shafts and tunnels, four strong arms, antennae 3
a: Dig, Shaft Self


You were on level 4 of the Dungeon.
You were not hungry.

You visited 1 branch of the dungeon, and saw 4 of its levels.

You collected 101 gold pieces.

Inventory:

Hand Weapons
 a - a +0 long sword (weapon)
Armour
 b - a +0 scale mail (worn)
 c - a +0 shield (worn)
 p - a +0 pair of gloves (worn)
 s - a +0 pair of boots (worn)
Wands
 r - a wand of confusion (24/48)
Scrolls
 e - a scroll of noise {unknown}
 g - a scroll of teleportation {unknown}
 i - a scroll of blinking {unknown}
 l - a scroll of remove curse {unknown}
 o - a scroll of magic mapping {unknown}
 q - 6 scrolls of identify {unknown}
Potions
 d - a potion of might
 j - a potion of magic {unknown}
 k - 2 potions of heal wounds {unknown}
 m - a potion of curing {unknown}
 n - a potion of invisibility {unknown}
 t - a potion of cure mutation {unknown}
Comestibles
 f - 2 bread rations
 h - 2 slices of pizza


   Skills:
 + Level 3.9 Fighting
 + Level 2.8 Long Blades
 + Level 3.8 Armour
 + Level 1.5 Dodging
 + Level 4.3 Shields


You had 4 spell levels left.
You didn't know any spells.

Dungeon Overview and Level Annotations

Branches:
Dungeon (4/15)
 Temple: D:4-7

Altars:
Vehumet

Annotations:
D:3 Proton's ghost, amateur FoFi


Innate Abilities, Weirdness & Mutations

You are under a permanent stasis effect.
You can dig through walls and to a lower floor.
Your four strong arms can wield two-handed weapons with a shield.
You have a pair of large antennae on your head (SInv).


Message History

* * * LOW HITPOINT WARNING * * *
You block the gnoll's attack.
You hit the gnoll but do no damage.
The gnoll is heavily wounded.
You block the gnoll's attack.
You closely miss the gnoll.
The gnoll is heavily wounded.
You block the gnoll's attack.
You hit the gnoll.
You kill the gnoll!
You have reached level 5!
The gnoll hits you!
* * * LOW HITPOINT WARNING * * *
You barely miss the gnoll. The gnoll hits you.
* * * LOW HITPOINT WARNING * * *
You hit the gnoll but do no damage. You block the gnoll's attack.
You slash the gnoll!
The gnoll is heavily wounded.
The gnoll hits you.
You die...

### #@##
##g# #{##
#.........#
#.#.......#
#g#########
gg g# #.


You could see a gnoll.

Vanquished Creatures
  2 gnolls (D:4)
  4 adders (D:2)
  A worm (D:2)
  3 ball pythons
  4 giant cockroaches
  7 hobgoblins
  4 jackals (D:1)
  5 bats
  A giant gecko (D:1)
  A giant newt (D:2)
  4 goblins
  7 kobolds
  A quokka (D:2)
  8 rats
52 creatures vanquished.

Notes
Turn   | Place    | Note
--------------------------------------------------------------
     0 | D:1      | Proton the Formicid Fighter began the quest for the Orb.
     0 | D:1      | Reached XP level 1. HP: 18/18 MP: 1/1
     6 | D:1      | Noticed a five-headed hydra
     6 | D:1      | Noticed an anaconda
     6 | D:1      | Noticed a crocodile
     6 | D:1      | Noticed a black bear
     6 | D:1      | Noticed a lindwurm
   122 | D:1      | Reached XP level 2. HP: 24/24 MP: 2/2
   437 | D:1      | Reached XP level 3. HP: 26/29 MP: 3/3
   759 | D:2      | Reached skill level 4 in Shields
  1110 | D:2      | Reached XP level 4. HP: 36/36 MP: 4/4
  1177 | D:2      | Reached skill level 1 in Dodging
  1363 | D:3      | Noticed Proton's ghost (amateur FoFi)
  1735 | D:3      | Found a radiant altar of Vehumet.
  1797 | D:4      | Reached XP level 5. HP: 13/42 MP: 5/5
  1798 | D:4      | HP: 2/42 [gnoll (4)]
  1800 | D:4      | Slain by a gnoll

Vault maps used:
D:1:      onia_arrival_zoo_common
D:2:      first_bread, hangedman_feature_mirror, hex_large, eino_curves_02,
          kennysheep_generic_room_13
D:3:      old_standard_altar, portal_sewer_entry_a
D:4:      lemuel_doored_altar, nicolae_overflow_quartered_altars,
          okawaru_gym_becter, minmay_misc_feat_tiny, uniq_natasha

Action                   |  1- 3 |  4- 6 || total
-------------------------+-------+-------++-------
Melee: Long sword        |   130 |    77 ||   207
 Abil: Dig               |       |     1 ||     1
  Eat: Chunk             |       |     3 ||     3
